 Dungeon Sprint DCSS version 0.29-a0-824-gd827844252 (webtiles) character file.

Game seed: 744521036564513230

2847 mhtbhm the Grappler (level 9, -6/80 HPs)
             Began as a Troll Enchanter on July 9, 2022.
             Was a Believer of Dithmenos.
             Shot with an arrow by a centaur warrior (18 damage)
             ... in the Dungeon (Sprint IX: "|||||||||||||||||||||||||||||").
             The game lasted 00:01:57 (632 turns).

mhtbhm the Grappler (Troll Enchanter)                Turns: 632, Time: 00:01:58

Health: -6/80      AC:  4    Str: 21    XL:     9   Next: 46%
Magic:  5/14       EV: 14    Int: 11    God:    Dithmenos [**....]
Gold:   0          SH:  0    Dex: 14    Spells: 12/17 levels left

rFire   . . .      SeeInvis .     - Unarmed
rCold   . . .      Faith    .   (no shield)
rNeg    . . .      Spirit   .   b - +0 robe
rPois   .          Reflect  .   (helmet restricted)
rElec   .          Harm     .   (no cloak)
rCorr   .          Rampage  .   (gloves unavailable)
Will    .....      NoTele   +   (boots unavailable)
Stlth   +++++.....              (no amulet)
HPRegen 1.03/turn               k - +2 ring of evasion
MPRegen 0.14/turn               l - +3 ring of strength

@: wreathed by umbra, invisible
A: large, unfitting armour, claws 3, regeneration 1, shaggy fur 1, tough skin 1
a: Renounce Religion, Shadow Step


You were in the Dungeon.
You worshipped Dithmenos.
Dithmenos was pleased with you.
You visited 1 branch

Inventory:

Armour
 b - a +0 robe (worn)
Jewellery
 k - a +2 ring of evasion (left claw)
 l - a +3 ring of strength (right claw)
Wands
 j - a wand of acid (5)
Scrolls
 e - 2 scrolls of amnesia
 i - 2 scrolls of blinking
Potions
 c - a potion of invisibility
 d - 5 potions of curing
 f - a potion of haste
 g - 4 potions of magic
 h - a potion of berserk rage


   Skills:
 + Level 2.6 Fighting
 + Level 0.7 Short Blades
 + Level 6.3 Dodging
 + Level 8.3 Stealth
 + Level 10.9 Unarmed Combat
 + Level 4.6 Spellcasting
 + Level 6.6 Hexes
 + Level 1.6 Ice Magic
 + Level 2.7 Evocations


You had 12 spell levels left.
You knew the following spells:

 Your Spells              Type           Power      Damage    Failure   Level
a - Ensorcelled Hibernat  Hex/Ice        22%        N/A       6%          2
b - Confusing Touch       Hex            17%        N/A       4%          3

Your spell library contained the following spells:

 Spells                   Type           Power      Damage    Failure   Level
 Tukima's Dance           Hex            17%        N/A       4%          3
 Dazzling Flash           Conj/Hex       18%        N/A       17%         3


Dungeon Overview and Level Annotations

Branches:
Dungeon (1/1)

Altars:
Cheibriados
Dithmenos
Elyvilon
Fedhas
Gozag
Hepliaklqana
Kikubaaqudgha
Makhleb
Nemelex Xobeh
Okawaru
Qazlal
Ru
Sif Muna
Trog
Uskayaw
Vehumet
Wu Jian
Xom
Yredelemnul
Zin
The Shining One
Jiyva
Lugonu


Innate Abilities, Weirdness & Mutations

You are too large for most types of armour.
You have claws for hands.
Your natural rate of healing is unusually fast.
You are covered in fur. (AC +1)
You have tough skin. (AC +1)


Message History

The death drake appears confused.
The death drake bites you but does no damage.
Unknown command.
You completely miss the death drake.
You fade into invisibility!
The centaur warrior wields a +0 shortbow.
The centaur warrior shoots an arrow.
The arrow hits the two-headed ogre!
The death drake closely misses you.
You mangle the death drake!!
You claw the death drake, but do no damage.
The death drake is moderately wounded.
The death drake bites the two-headed ogre!
Unknown command.
You strike the helpless death drake from behind!
You mangle the death drake!!
The death drake is heavily wounded.
The death drake bites the two-headed ogre!
You barely miss the death drake.
The death drake is heavily wounded.
The two-headed ogre shouts in stereo!
The death drake closely misses you.
The centaur warrior shoots an arrow.
The arrow hits the two-headed ogre!!
You barely miss the death drake.
The death drake is heavily wounded.
The death drake misses you.
The centaur warrior shoots an arrow.
The arrow barely misses the two-headed ogre.
The arrow hits the death drake!
You scratch the death drake but do no damage.
The death drake is almost dead.
The centaur warrior shoots an arrow.
The arrow hits the two-headed ogre!!
The two-headed ogre dies!
The centaur warrior shoots an arrow.
The arrow hits the death drake!
The death drake dies!
Unknown command.
Unknown command.
The centaur warrior shoots an arrow.
The arrow hits you!
* * * LOW HITPOINT WARNING * * *
Unknown command.
The centaur warrior shoots an arrow.
The arrow hits you!!
You die... ▓▓▓▓▓▓▓▓▓▓▓▓▓▓▓▓▓▓▓▓▓▓ ).[[[..)÷.)...'.@c...+ ▓▓▓▓▓▓▓▓▓▓▓▓▓▓▓▓▓▓▓▓▓▓

You could see a centaur warrior (unable to see you).

Vanquished Creatures
  A two-headed ogre (D)
  An ugly thing (D)
  A manticore (D)
  An unseen horror (D)
  A slime creature (D)
  3 yaks (D)
  A centaur (D)
  A scorpion (D)
  2 adders (D)
  An ufetubus (D)
  An orc (D)
  A giant cockroach (D)
  A kobold (D)
  A bat (D)
  A frilled lizard (D)
  A rat (D)
19 creatures vanquished.

Vanquished Creatures (others)
  A two-headed ogre (D)
  A death drake (shapeshifter) (D)
2 creatures vanquished.

Grand Total: 21 creatures vanquished

Notes
Turn   | Place    | Note
-------+----------+-------------------------------------------
     0 | D        | mhtbhm the Troll Enchanter began the quest for the Orb.
     0 | D        | Reached XP level 1. HP: 16/16 MP: 1/1
    10 | D        | Banished a spatial maelstrom
    26 | D        | Noticed a scorpion
    33 | D        | Reached XP level 2. HP: 24/24 MP: 3/3
    47 | D        | Reached skill level 1 in Unarmed Combat
    47 | D        | Reached XP level 3. HP: 20/31 MP: 3/5
    55 | D        | Killed a scorpion
    56 | D        | Reached skill level 2 in Unarmed Combat
    56 | D        | Reached XP level 4. HP: 37/39 MP: 3/6
   160 | D        | Learned a level 2 spell: Ensorcelled Hibernation
   164 | D        | Learned a level 3 spell: Confusing Touch
   260 | D        | Found a snail-covered altar of Cheibriados.
   260 | D        | Found a shadowy altar of Dithmenos.
   260 | D        | Found a white marble altar of Elyvilon.
   260 | D        | Found a blossoming altar of Fedhas.
   260 | D        | Found an opulent altar of Gozag.
   261 | D        | Found a hazy altar of Hepliaklqana.
   262 | D        | Found a viscous altar of Jiyva.
   263 | D        | Found an ancient bone altar of Kikubaaqudgha.
   264 | D        | Found a corrupted altar of Lugonu.
   265 | D        | Found a burning altar of Makhleb.
   266 | D        | Found a sparkling altar of Nemelex Xobeh.
   267 | D        | Found an iron altar of Okawaru.
   268 | D        | Found a stormy altar of Qazlal.
   269 | D        | Found a sacrificial altar of Ru.
   275 | D        | Became a worshipper of Dithmenos the Shadowed
   281 | D        | Found a shimmering blue altar of Sif Muna.
   282 | D        | Found a bloodstained altar of Trog.
   283 | D        | Found a hide-covered altar of Uskayaw.
   284 | D        | Found a radiant altar of Vehumet.
   285 | D        | Found an ornate altar of the Wu Jian Council.
   286 | D        | Found a shimmering altar of Xom.
   287 | D        | Found a basalt altar of Yredelemnul.
   288 | D        | Found a glowing silver altar of Zin.
   289 | D        | Found a glowing golden altar of the Shining One.
   315 | D        | Noticed a yak
   315 | D        | Noticed a yak
   315 | D        | Noticed a two-headed ogre
   315 | D        | Noticed a yak
   315 | D        | Noticed a centaur
   328 | D        | Killed a yak
   329 | D        | Reached skill level 4 in Unarmed Combat
   329 | D        | Reached XP level 5. HP: 19/46 MP: 0/8
   330 | D        | Killed a yak
   330 | D        | Killed a centaur
   330 | D        | Reached * piety under Dithmenos
   331 | D        | Reached skill level 1 in Fighting
   331 | D        | Reached skill level 5 in Stealth
   331 | D        | Reached skill level 6 in Unarmed Combat
   331 | D        | Reached skill level 5 in Hexes
   331 | D        | Reached skill level 1 in Evocations
   331 | D        | Reached XP level 6. HP: 11/55 MP: 0/9
   332 | D        | Killed a yak
   333 | D        | Reached XP level 7. HP: 29/62 MP: 1/11
   333 | D        | Killed a two-headed ogre
   334 | D        | Reached skill level 5 in Dodging
   334 | D        | Reached skill level 8 in Unarmed Combat
   334 | D        | Reached skill level 1 in Ice Magic
   334 | D        | Reached XP level 8. HP: 31/72 MP: 1/12
   334 | D        | Killed an unseen horror
   334 | D        | Reached ** piety under Dithmenos
   592 | D        | Noticed a manticore
   592 | D        | Noticed a cyan ugly thing
   592 | D        | Noticed a slime creature
   592 | D        | Noticed a yaktaur
   592 | D        | Noticed a two-headed ogre
   592 | D        | Noticed a centaur warrior
   599 | D        | Noticed a death drake
   599 | D        | a yaktaur changed into a death drake
   603 | D        | Killed a manticore
   604 | D        | Reached skill level 9 in Unarmed Combat
   612 | D        | Killed a cyan ugly thing
   613 | D        | Reached skill level 10 in Unarmed Combat
   613 | D        | Reached XP level 9. HP: 32/79 MP: 6/14
   630 | D        | Killed a two-headed ogre
   630 | D        | Killed a death drake
   632 | D        | Shot with an arrow by a centaur warrior

Illustrated notes

Levels and vault maps discovered:
D:        linesprint [early_d, line_temple, items_1, d_10, items_2, lair_1,
          lair_end, items_3, orc_1, orc_end, items_4, d_15, swamp_1, shoals_1,
          snake_1, spider_1, d_20, vaults_1, items_5, swamp_end, shoals_end,
          snake_end, spider_end, vaults_end, d_27, items_6, zot_1, zot_end,
          crypt_end, forest_end, elf_end, slime_end, tomb_end, abyss_end,
          pan_hell_end]

Skill      XL: |  1  2  3  4  5  6  7  8  9 |
---------------+----------------------------+-----
Stealth        | 2 3 4 5 6 7 8 |  8.3
Dodging        | 2 3 4 5 6 |  6.3
Unarmed Combat | 1 2 4 6 8 10 | 10.9
Spellcasting   | 2 3 4 |  4.6
Hexes          | 3 4 5 6 |  6.6
Fighting       | 1 2 |  2.6
Evocations     | 1 2 |  2.7
Ice Magic      | 1 |  1.6
Short Blades   | |  0.7

Action                   |  1- 3 |  4- 6 |  7- 9 || total
-------------------------+-------+-------+-------++-------
Melee: Unarmed           |    35 |    15 |    34 ||    84
       Punch             |       |       |     3 ||     3
 Cast: Ensorcelled Hiber |       |     3 |     1 ||     4
       Confusing Touch   |       |       |     3 ||     3
Evoke: Wand              |       |     5 |       ||     5
  Use: Potion            |     2 |     2 |     1 ||     5
 Stab: Invisible         |     6 |       |     1 ||     7
       Sleeping          |       |     1 |     1 ||     2
       Confused          |       |       |     1 ||     1
Armor: Robe              |    11 |     1 |     3 ||    15
Dodge: Dodged            |    24 |     9 |    16 ||    49

Table legend: (Time is in decaauts)
 A = Elapsed time spent in this place.
 B = Non-inter-level travel time spent in this place.
 C = Inter-level travel time spent in this place.
 D = Time resting spent in this place.
 E = Time spent auto-exploring this place.
 F = Levels seen in this place.
 G = Mean time per level.
                   A        B        C        D        E       F      G
               +--------+--------+--------+--------+--------+-----+--------+
         Total |    623 |    623 |      0 |    436 |      0 |   1 |  623.0 |
       Dungeon |    623 |    623 |      0 |    436 |      0 |   1 |  623.0 |
               +--------+--------+--------+--------+--------+-----+--------+

Top non-repeatable levels by time:
       D: 623 daAuts
